ESL (28 & UNDER)
PENQUANNOCK OVERRATED JETER @ NEWARK BULLDOGS
09/23/2025
 
TOP OF THE 1ST
Penquannock Overrated Jeter batting - Pitching for Newark Bulldogs : RHP Jesús Martínez
Pitching: RHP Jesús Martínez
Batting: LHB Bill McJannett 0-0: Swinging Strike
0-1: Ball
1-1: Called Strike
1-2: Strikes out looking
Batting: SHB Caden Keith 0-0: Called Strike
0-1: Ground out 4-3 (Groundball, 4)
Batting: SHB Theron Harper 0-0: Swinging Strike
0-1: Called Strike
0-2: Foul Ball, location: 2F
0-2: Ball
1-2: Ball
2-2: Foul Ball, location: 2F
2-2: Ball
3-2: Base on Balls
Batting: RHB Ignacio Flores 0-0: Ball
1-0: Fielders Choice at 2nd, 6-4 (Groundball, 6)
Top of the 1st over - 0 run(s), 0 hit(s), 0 error(s), 0 left on base; Penquannock 0 - Newark 0
BOTTOM OF THE 1ST
Newark Bulldogs batting - Pitching for Penquannock Overrated Jeter : LHP Héctor Díaz
Pitching: LHP Héctor Díaz
Batting: LHB Owen Moreno 0-0: Called Strike
0-1: Ball
1-1: SOLO HOME RUN (Flyball, 9D), Distance : 374 ft
Batting: RHB Peter Sexton 0-0: Ball
1-0: Ball
2-0: Fly out, F3 (Popup, 3SF)
Batting: RHB Rob Bass 0-0: Called Strike
0-1: Ground out 5-3 (Groundball, 56)
Batting: LHB Lee Burton 0-0: Foul Ball, location: 2F
0-1: Fly out, F6 (Popup, 56)
Bottom of the 1st over - 1 run(s), 1 hit(s), 0 error(s), 0 left on base; Penquannock 0 - Newark 1
TOP OF THE 2ND
Penquannock Overrated Jeter batting - Pitching for Newark Bulldogs : RHP Jesús Martínez
Batting: LHB Ron Robinson 0-0: Called Strike
0-1: Called Strike
0-2: Foul Ball, location: 2F
0-2: Ball
1-2: Foul Ball, location: 2F
1-2: Foul Ball, location: 2F
1-2: Strikes out looking
Batting: LHB Todd Barnes 0-0: Ball
1-0: Fly out, F6 (Line Drive, 6M)
Batting: RHB Bernardo Enríquez 0-0: Ball
1-0: Foul Ball, location: 2F
1-1: Swinging Strike
1-2: Ball
2-2: Ball
3-2: Base on Balls
Batting: RHB Arturo Rodríguez 0-0: Ball
1-0: Ball
2-0: Foul Ball, location: 2F
2-1: Foul Ball, location: 2F
2-2: Foul Ball, location: 2F
2-2: Ball
3-2: Strikes out swinging
Top of the 2nd over - 0 run(s), 0 hit(s), 0 error(s), 1 left on base; Penquannock 0 - Newark 1
BOTTOM OF THE 2ND
Newark Bulldogs batting - Pitching for Penquannock Overrated Jeter : LHP Héctor Díaz
Batting: RHB Larry Booth 0-0: Ball
1-0: Ball
2-0: SINGLE (Line Drive, 8LS)
Batting: LHB José Franco 0-0: Ball
1-0: 2-RUN HOME RUN (Flyball, 9D), Distance : 381 ft
Batting: RHB Emílio Salas 0-0: Ball
1-0: Foul Ball, location: 2F
1-1: Swinging Strike
1-2: Ground out 5-3 (Groundball, 56)
Batting: RHB Leonardo Pinto 0-0: Ball
1-0: Ball
2-0: Called Strike
2-1: Ground out 1-3 (Groundball, 15)
Batting: RHB Gabriel Villegas 0-0: Called Strike
0-1: Ball
1-1: Swinging Strike
1-2: Ball
2-2: Ground out 5-3 (Groundball, 5)
Bottom of the 2nd over - 2 run(s), 2 hit(s), 0 error(s), 0 left on base; Penquannock 0 - Newark 3
TOP OF THE 3RD
Penquannock Overrated Jeter batting - Pitching for Newark Bulldogs : RHP Jesús Martínez
Batting: SHB Francisco Ávila 0-0: Ball
1-0: Called Strike
1-1: Fly out, F7 (Line Drive, 7M)
Batting: LHB Bill McJannett 0-0: Ball
1-0: Foul Ball, location: 2F
1-1: Ball
2-1: Foul Ball, location: 2F
2-2: Ball
3-2: Fly out, F7 (Flyball, 7M)
Batting: SHB Caden Keith 0-0: Ball
1-0: Ball
2-0: Called Strike
2-1: Foul Ball, location: 2F
2-2: Strikes out swinging
Top of the 3rd over - 0 run(s), 0 hit(s), 0 error(s), 0 left on base; Penquannock 0 - Newark 3
BOTTOM OF THE 3RD
Newark Bulldogs batting - Pitching for Penquannock Overrated Jeter : LHP Héctor Díaz
Batting: LHB Owen Moreno 0-0: Ball
1-0: TRIPLE (Flyball, 8LM)
Batting: RHB Peter Sexton 0-0: Ball
1-0: Ball
2-0: Ball
3-0: Base on Balls
Batting: RHB Rob Bass 0-0: Ball
1-0: Foul Ball, location: 2F
1-1: Ball
2-1: Foul Ball, location: 2F
2-2: Strikes out swinging
Batting: LHB Lee Burton 0-0: Called Strike
0-1: Ball
1-1: Ball
2-1: Fielders Choice at 2nd, 2-4 (Groundball, 2L)
Batting: RHB Larry Booth 0-0: Ball
1-0: Ground out 6-3 (Groundball, 6)
Bottom of the 3rd over - 0 run(s), 1 hit(s), 0 error(s), 2 left on base; Penquannock 0 - Newark 3
TOP OF THE 4TH
Penquannock Overrated Jeter batting - Pitching for Newark Bulldogs : RHP Jesús Martínez
Batting: SHB Theron Harper 0-0: Ball
1-0: Reached on error, E6 (Groundball, 6M)
Batting: RHB Ignacio Flores 0-0: Called Strike
0-1: Called Strike
0-2: Foul Ball, location: 2F
0-2: Ball
1-2: Foul Ball, location: 2F
1-2: Strikes out looking
Batting: LHB Ron Robinson 0-0: Ball
1-0: Ball
2-0: Called Strike
2-1: SINGLE (Line Drive, 89S)
Theron Harper to second
Batting: LHB Todd Barnes 0-0: Foul Ball, location: 2F
0-1: Swinging Strike
0-2: Ball
1-2: Strikes out swinging
Batting: RHB Bernardo Enríquez 0-0: Ball
1-0: Called Strike
1-1: Foul Ball, location: 2F
1-2: Strikes out looking
Top of the 4th over - 0 run(s), 1 hit(s), 1 error(s), 2 left on base; Penquannock 0 - Newark 3
BOTTOM OF THE 4TH
Newark Bulldogs batting - Pitching for Penquannock Overrated Jeter : LHP Héctor Díaz
Batting: LHB José Franco 0-0: Called Strike
0-1: Fly out, F7 (Flyball, 7M)
Batting: RHB Emílio Salas 0-0: Ball
1-0: Foul Ball, location: 2F
1-1: Ball
2-1: Ground out 6-3 (Groundball, 6)
Batting: RHB Leonardo Pinto 0-0: Ball
1-0: Ball
2-0: Ball
3-0: Base on Balls
Pitching: RHP Toshikuni Nishimura
Batting: RHB Gabriel Villegas 0-0: Ground out 6-3 (Groundball, 6)
Bottom of the 4th over - 0 run(s), 0 hit(s), 0 error(s), 1 left on base; Penquannock 0 - Newark 3
TOP OF THE 5TH
Penquannock Overrated Jeter batting - Pitching for Newark Bulldogs : RHP Jesús Martínez
Batting: RHB Arturo Rodríguez 0-0: Fly out, F9 (Flyball, 9M)
Batting: SHB Francisco Ávila 0-0: Called Strike
0-1: Swinging Strike
0-2: Ball
1-2: Ball
2-2: Fly out, F8 (Line Drive, 8RM)
Batting: LHB Bill McJannett 0-0: Ball
1-0: Called Strike
1-1: Ball
2-1: Ball
3-1: Base on Balls
Batting: SHB Caden Keith 0-0: Ball
1-0: Called Strike
1-1: Foul Ball, location: 2F
1-2: Ball
2-2: Foul Ball, location: 2F
2-2: Foul Ball, location: 2F
2-2: SINGLE (Groundball, 4MD) (infield hit)
Bill McJannett to second
Batting: SHB Theron Harper 0-0: Ball
1-0: SINGLE (Line Drive, 8LS)
Bill McJannett to third
Caden Keith to second
Batting: RHB Ignacio Flores 0-0: Fly out, F9 (Flyball, 89M)
Top of the 5th over - 0 run(s), 2 hit(s), 0 error(s), 3 left on base; Penquannock 0 - Newark 3
BOTTOM OF THE 5TH
Newark Bulldogs batting - Pitching for Penquannock Overrated Jeter : RHP Toshikuni Nishimura
Batting: LHB Owen Moreno 0-0: Called Strike
0-1: Foul Ball, location: 2F
0-2: Foul Ball, location: 2F
0-2: Foul Ball, location: 2F
0-2: Ball
1-2: Strikes out looking
Batting: RHB Peter Sexton 0-0: Swinging Strike
0-1: Ball
1-1: Ball
2-1: Foul Ball, location: 2F
2-2: Hit by Pitch
Batting: RHB Rob Bass 0-0: Called Strike
0-1: Foul Ball, location: 2F
0-2: Ball
1-2: Strikes out swinging
Batting: LHB Lee Burton 0-0: Swinging Strike
0-1: Ball
1-1: Ball
2-1: Ball
3-1: Base on Balls
Peter Sexton to second
Batting: RHB Larry Booth 0-0: Ball
1-0: Ball
2-0: Ball
3-0: Base on Balls
Peter Sexton to third
Lee Burton to second
Batting: LHB José Franco 0-0: Ball
1-0: Called Strike
1-1: SINGLE (Groundball, 34)
Peter Sexton scores
Lee Burton to third
Larry Booth to second
Runner from 3rd tries for Home, SAFE, no throw or cutoff
Batting: RHB Emílio Salas 0-0: Ball
1-0: Foul Ball, location: 2F
1-1: Ball
2-1: Ball
3-1: Fly out, F6 (Popup, 6M)
Bottom of the 5th over - 2 run(s), 1 hit(s), 0 error(s), 2 left on base; Penquannock 0 - Newark 5
TOP OF THE 6TH
Penquannock Overrated Jeter batting - Pitching for Newark Bulldogs : RHP Jesús Martínez
Batting: LHB Ron Robinson 0-0: Called Strike
0-1: Ball
1-1: Fly out, F8 (Flyball, 8LD)
Pitching: RHP Jim Cook
Batting: LHB Todd Barnes 0-0: Ball
1-0: SINGLE (Flyball, 8LS)
Batting: RHB Bernardo Enríquez 0-0: Ball
1-0: Called Strike
1-1: SINGLE (Groundball, 4S)
Todd Barnes to second
Runner from 2nd tries for 3rd, SAFE, throw made to third
Batting: RHB Arturo Rodríguez 0-0: Ball
1-0: Ground out 3-1 (Groundball, 34)
Todd Barnes scores
Bernardo Enríquez to second
Batting: SHB Francisco Ávila 0-0: Ball
1-0: Called Strike
1-1: Ball
2-1: Ball
3-1: Base on Balls
Batting: LHB Bill McJannett 0-0: Ball
1-0: Ball
2-0: Called Strike
2-1: Ball
3-1: Base on Balls
Bernardo Enríquez to third
Francisco Ávila to second
Batting: SHB Caden Keith 0-0: Ball
1-0: Called Strike
1-1: Foul Ball, location: 2F
1-2: Fielders Choice at 2nd, U6 (Groundball, 6M)
Top of the 6th over - 1 run(s), 2 hit(s), 0 error(s), 3 left on base; Penquannock 1 - Newark 5
BOTTOM OF THE 6TH
Newark Bulldogs batting - Pitching for Penquannock Overrated Jeter : RHP Toshikuni Nishimura
Batting: RHB Leonardo Pinto 0-0: Called Strike
0-1: Called Strike
0-2: Ball
1-2: Ball
2-2: Foul Ball, location: 2F
2-2: Foul Ball, location: 2F
2-2: Ball
3-2: Strikes out swinging
Batting: RHB Gabriel Villegas 0-0: Foul Ball, location: 2F
0-1: Ball
1-1: Foul Ball, location: 2F
1-2: SINGLE (Groundball, 5D)
Pitching: RHP Richard Edwards
Batting: LHB Owen Moreno 0-0: Ball
1-0: Ball
2-0: Foul Ball, location: 2F
2-1: Ball
3-1: Foul Ball, location: 2F
3-2: Foul Ball, location: 2F
3-2: Strikes out looking
Batting: RHB Peter Sexton 0-0: Swinging Strike
0-1: Swinging Strike
0-2: Fly out, F7 (Flyball, 7D)
Bottom of the 6th over - 0 run(s), 1 hit(s), 0 error(s), 1 left on base; Penquannock 1 - Newark 5
TOP OF THE 7TH
Penquannock Overrated Jeter batting - Pitching for Newark Bulldogs : RHP Jim Cook
Batting: SHB Theron Harper 0-0: Ground out 4-3 (Groundball, 4)
Batting: RHB Ignacio Flores 0-0: Ball
1-0: Ball
2-0: Called Strike
2-1: SOLO HOME RUN (Flyball, 8RD), Distance : 409 ft
Batting: LHB Ron Robinson 0-0: Ball
1-0: Ball
2-0: Ball
3-0: Base on Balls
Batting: LHB Todd Barnes 0-0: Ball
1-0: Ball
2-0: Called Strike
2-1: Ball
3-1: Ground out 4-3 (Groundball, 4M)
Ron Robinson to second
Batting: RHB Bernardo Enríquez 0-0: Ball
1-0: Ball
2-0: Foul Ball, location: 2F
2-1: Called Strike
2-2: Ball
3-2: Base on Balls
Pitching: RHP Jesús Salazar
Batting: RHB Arturo Rodríguez 0-0: Swinging Strike
0-1: Swinging Strike
0-2: Strikes out looking
Top of the 7th over - 1 run(s), 1 hit(s), 0 error(s), 2 left on base; Penquannock 2 - Newark 5
BOTTOM OF THE 7TH
Newark Bulldogs batting - Pitching for Penquannock Overrated Jeter : RHP Richard Edwards
Batting: RHB Rob Bass 0-0: Ball
1-0: Foul Ball, location: 2F
1-1: Swinging Strike
1-2: SOLO HOME RUN (Flyball, 7D), Distance : 352 ft
Batting: LHB Lee Burton 0-0: Ground out U3 (Groundball, 3L)
Batting: RHB Larry Booth 0-0: Called Strike
0-1: Ball
1-1: Swinging Strike
1-2: Foul Ball, location: 2F
1-2: Foul Ball, location: 2F
1-2: Ball
2-2: Ball
3-2: SINGLE (Groundball, 34D)
Batting: LHB José Franco 0-0: Called Strike
0-1: Fly out, F3 (Line Drive, 3S)
Batting: RHB Emílio Salas 0-0: Ball
1-0: Ball
2-0: Called Strike
2-1: Swinging Strike
2-2: Strikes out swinging
Bottom of the 7th over - 1 run(s), 2 hit(s), 0 error(s), 1 left on base; Penquannock 2 - Newark 6
TOP OF THE 8TH
Penquannock Overrated Jeter batting - Pitching for Newark Bulldogs : RHP Jesús Salazar
Batting: SHB Francisco Ávila 0-0: Swinging Strike
0-1: Ball
1-1: Ball
2-1: SINGLE (Flyball, 78S)
Batting: LHB Bill McJannett 0-0: Ball
1-0: DOUBLE (Line Drive, 9LM)
Francisco Ávila to third
Pitching: RHP Eusébio Lagarto
Batting: SHB Caden Keith 0-0: DOUBLE (Flyball, 78M)
Francisco Ávila scores
Bill McJannett scores
Batting: SHB Theron Harper 0-0: Called Strike
0-1: Swinging Strike
0-2: Strikes out looking
Batting: RHB Ignacio Flores 0-0: Called Strike
0-1: Swinging Strike
0-2: Foul Ball, location: 2F
0-2: Ball
1-2: Ball
2-2: Strikes out swinging
Batting: LHB Ron Robinson 0-0: Ball
Wild Pitch!
Caden Keith to third
1-0: Ball
2-0: Ball
3-0: Base on Balls
Pinch Hitting: RHB Earl Conrad 0-0: Called Strike
0-1: Called Strike
0-2: Ball
1-2: Fly out, F9 (Flyball, 89M)
Top of the 8th over - 2 run(s), 3 hit(s), 0 error(s), 2 left on base; Penquannock 4 - Newark 6
BOTTOM OF THE 8TH
Newark Bulldogs batting - Pitching for Penquannock Overrated Jeter : RHP Richard Edwards
Now at 1B: Barton Frazier
Batting: RHB Leonardo Pinto 0-0: Called Strike
0-1: Ball
1-1: SINGLE (Groundball, 4MD)
Batting: RHB Gabriel Villegas 0-0: Sac Bunt - play at first, batter OUT! 3-4
Leonardo Pinto to second
Batting: LHB Owen Moreno 0-0: Foul Ball, location: 2F
0-1: Ground out U3 (Groundball, 3)
Leonardo Pinto to third
Batting: RHB Peter Sexton 0-0: Fly out, F8 (Flyball, 89S)
Bottom of the 8th over - 0 run(s), 1 hit(s), 0 error(s), 1 left on base; Penquannock 4 - Newark 6
TOP OF THE 9TH
Penquannock Overrated Jeter batting - Pitching for Newark Bulldogs : RHP Eusébio Lagarto
Pitching: RHP Júlio Sandoval
Batting: RHB Bernardo Enríquez 0-0: Ball
1-0: Ball
2-0: Fly out, F8 (Flyball, 8RD)
Batting: RHB Arturo Rodríguez 0-0: Ball
1-0: Foul Ball, location: 2F
1-1: Ball
2-1: Foul Ball, location: 2F
2-2: Strikes out swinging
Batting: SHB Francisco Ávila 0-0: Called Strike
0-1: Ball
1-1: Swinging Strike
1-2: Ball
2-2: Ball
3-2: Foul Ball, location: 2F
3-2: Base on Balls
Batting: LHB Bill McJannett 0-0: Foul Ball, location: 2F
0-1: Ball
1-1: Ball
2-1: Ball
3-1: Base on Balls
Francisco Ávila to second
Batting: SHB Caden Keith 0-0: Called Strike
0-1: Foul Ball, location: 2F
0-2: Foul Ball, location: 2F
0-2: Ball
1-2: Ball
2-2: Ball
3-2: Foul Ball, location: 2F
3-2: DOUBLE (Flyball, 7LM)
Francisco Ávila scores
Bill McJannett to third
Bill McJannett scores
Batting: SHB Theron Harper 0-0: Called Strike
0-1: Foul Ball, location: 2F
0-2: Foul Ball, location: 2F
0-2: 2-RUN HOME RUN (Flyball, 9LD), Distance : 363 ft
Batting: RHB Ignacio Flores 0-0: Ball
1-0: Foul Ball, location: 2F
1-1: Ball
2-1: Ball
3-1: Ground out 6-3 (Groundball, 6)
Top of the 9th over - 4 run(s), 2 hit(s), 0 error(s), 0 left on base; Penquannock 8 - Newark 6
BOTTOM OF THE 9TH
Newark Bulldogs batting - Pitching for Penquannock Overrated Jeter : RHP Richard Edwards
Batting: RHB Rob Bass 0-0: Ball
1-0: Ball
2-0: Called Strike
2-1: Fly out, F9 (Flyball, 89D)
Batting: LHB Lee Burton 0-0: Ball
1-0: Ball
2-0: Ball
3-0: Called Strike
3-1: Foul Ball, location: 2F
3-2: SINGLE (Line Drive, 6MD)
Pitching: RHP Joaquín Rojas
Batting: RHB Larry Booth 0-0: Ball
1-0: Called Strike
1-1: Ball
2-1: Swinging Strike
2-2: Ball
3-2: Strikes out looking
Batting: LHB José Franco 0-0: Foul Ball, location: 2F
0-1: Foul Ball, location: 2F
0-2: Ball
1-2: Foul Ball, location: 2F
1-2: Ball
2-2: Fly out, F7 (Flyball, 7LM)
Bottom of the 9th over - 0 run(s), 1 hit(s), 0 error(s), 1 left on base; Penquannock 8 - Newark 6
This league is powered by Out of the Park Baseball, the baseball management simulation game for PC, Mac and Linux
Tuesday, August 2nd, 2016 - OOTP Baseball 16.8 Build 38